 Dungeon Crawl Stone Soup version 0.30.1-9-gdf580d7c3d (webtiles) character file.

Game seed: 14977609174324614899

821 Wiggles the Chopper (level 7, -6/63 HPs)
             Began as a Minotaur Berserker on Oct 4, 2023.
             Was a Priest of Trog.
             Mangled by IHitMyHead's ghost (12 damage)
             ... on level 5 of the Dungeon.
             The game lasted 00:07:17 (3927 turns).

Wiggles the Chopper (Minotaur Berserker)            Turns: 3927, Time: 00:07:18

Health: -6/63      AC:  8    Str: 24    XL:     7   Next: 63%
Magic:  6/6        EV: 16    Int:  4    God:    Trog [***...]
Gold:   322        SH:  0    Dex:  9    Spells: 6/6 levels left

rFire   . . .        a - +0 hand axe
rCold   . . .        (no shield)
rNeg    . . .        v - +0 scale mail
rPois   .            (helmet restricted)
rElec   .            n - +0 cloak
rCorr   .            (no gloves)
SInv    .            (no boots)
Will    .....        q - amulet of regeneration Stlth
                     r - +5 ring of evasion
HPRegen 1.10/turn    (no ring)
MPRegen 0.10/turn

%: no passive effects
@: on berserk cooldown, slowed, very slow
A: horns 2, retaliatory headbutt
a: Renounce Religion, Berserk, Trog's Hand


You were on level 5 of the Dungeon.
You worshipped Trog.
Trog was most pleased with you.
You visited 1 branch of the dungeon, and saw 5 of its levels.
You also visited: Sewer.

You collected 422 gold pieces.
You spent 100 gold pieces at shops.

Inventory:

Hand Weapons
 a - a +0 hand axe (weapon)
Armour
 n - a +0 cloak (worn)
 v - a +0 scale mail (worn)
Jewellery
 i - a ring of magical power
 q - an amulet of regeneration (around neck)
 r - a +5 ring of evasion (left hand)
 x - an amulet of the acrobat
Scrolls
 b - 2 scrolls of silence {unknown}
 c - 4 scrolls of identify {unknown}
 d - 2 scrolls of blinking {unknown}
 e - 2 scrolls of teleportation {unknown}
 h - a scroll of brand weapon {unknown}
 j - a scroll of amnesia {unknown}
 k - a scroll of summoning {unknown}
 o - a scroll of vulnerability {unknown}
 t - 3 scrolls of immolation {unknown}
 u - a scroll of fear {unknown}
Potions
 f - 4 potions of heal wounds
 g - 4 potions of curing
 l - a potion of haste {unknown}
 m - a potion of mutation {unknown}
 p - 3 potions of flight
 s - a potion of degeneration {unknown}
 w - 2 potions of cancellation {unknown}


   Skills:
 + Level 6.0 Fighting
 + Level 7.5 Axes
 + Level 6.0 Armour
 + Level 3.2 Dodging
 + Level 0.3 Stealth


You had 6 spell levels left.
You didn't know any spells.
Your spell library was empty.

Dungeon Overview and Level Annotations

Branches:
Dungeon (5/15)              Sewer (visited)
 Temple: D:4-7

Altars:
Hepliaklqana
Kikubaaqudgha
Okawaru
Qazlal
Trog
Uskayaw
Vehumet
Xom

Shops:
D:3 =   D:4 :*

Annotations:
D:5 IHitMyHead's ghost, novice MiFi


Innate Abilities, Weirdness & Mutations

You have a pair of horns on your head.
You reflexively headbutt those who attack you in melee.


Message History

You are exhausted.
You feel yourself slow down.
You hit IHitMyHead's ghost.
IHitMyHead's ghost is severely damaged.
IHitMyHead's ghost hits you but does no damage.
IHitMyHead's ghost hits you!
You closely miss IHitMyHead's ghost.
IHitMyHead's ghost is severely damaged.
IHitMyHead's ghost hits you.
You hit IHitMyHead's ghost.
Your headbutt misses IHitMyHead's ghost.
IHitMyHead's ghost is severely damaged.
IHitMyHead's ghost closely misses you. You furiously retaliate!
You headbutt IHitMyHead's ghost. IHitMyHead's ghost barely misses you.
You hit IHitMyHead's ghost but do no damage.
Your headbutt misses IHitMyHead's ghost.
IHitMyHead's ghost is severely damaged.
IHitMyHead's ghost hits you.
You hit IHitMyHead's ghost but do no damage.
IHitMyHead's ghost is severely damaged.
IHitMyHead's ghost hits you.
You hit IHitMyHead's ghost but do no damage.
Your headbutt misses IHitMyHead's ghost.
IHitMyHead's ghost is severely damaged.
IHitMyHead's ghost hits you!
* * * LOW HITPOINT WARNING * * *
IHitMyHead's ghost hits you.
* * * LOW HITPOINT WARNING * * *
You closely miss IHitMyHead's ghost.
IHitMyHead's ghost is severely damaged.
IHitMyHead's ghost hits you.
* * * LOW HITPOINT WARNING * * *
You slash IHitMyHead's ghost!
IHitMyHead's ghost is almost destroyed.
IHitMyHead's ghost hits you!
* * * LOW HITPOINT WARNING * * *
You hit IHitMyHead's ghost but do no damage.
IHitMyHead's ghost is almost destroyed.
IHitMyHead's ghost hits you!
You die...

......###...#####.#.....##.......
......##....)# ##............#
.......#.##)..# .....#..†......#.
.........###.........####......#.
.....#.....##...####. #........
.....#.....>..### ..####........
.....#.. #..#########..)...†.....
#....... ##..#...#.P#...####.....
##.#.#...#......@W:8#...#.##.##..
#..#....##.).....#.P#............
.............###.####......#####.
.............####.......#..#...#.
..##...........#......##...'.⌠.+.
#................(##.......#...#.
#.........#.##...####..#..†#####.
#..##.....####...###...#.........
#....#....# ##.............####..


You could see IHitMyHead's ghost.

Vanquished Creatures
  An ogre (D:5)
  A phantom (D:4)
  A kobold brigand (Sewer)
  2 scorpions (D:5)
  A gnoll bouda (D:5)
  2 hounds
  3 iguanas
  An orc wizard (D:4)
  9 gnolls (D:5)
  A river rat (D:4)
  8 adders
  3 worms
  2 dart slugs
  9 orcs
  10 ball pythons
  7 bats
  5 endoplasms
  10 giant cockroaches
  5 goblins
  8 hobgoblins
  5 jackals
  4 quokkas
  2 frilled lizards (D:3)
  11 kobolds
  10 rats
121 creatures vanquished.

Notes
Turn   | Place    | Note
-------+----------+-------------------------------------------
     0 | D:1      | Wiggles the Minotaur Berserker began the quest for the Orb.
     0 | D:1      | Reached XP level 1. HP: 19/19 MP: 0/0
   186 | D:1      | Reached XP level 2. HP: 27/27 MP: 1/1
   208 | D:1      | Reached skill level 4 in Axes
   612 | D:1      | Reached XP level 3. HP: 33/33 MP: 2/2
  1050 | D:2      | Reached ** piety under Trog
  1418 | D:2      | Found a hazy altar of Hepliaklqana.
  1791 | D:3      | Reached XP level 4. HP: 40/41 MP: 3/3
  1909 | D:3      | Found a hazy altar of Hepliaklqana.
  1966 | D:3      | Found Epaduim's Jewellery Shoppe.
  2503 | D:4      | Noticed a phantom
  2515 | D:4      | Killed a phantom
  2516 | D:4      | Reached skill level 5 in Axes
  2516 | D:4      | Reached XP level 5. HP: 43/47 MP: 4/4
  2589 | D:4      | Found a stormy altar of Qazlal.
  2681 | D:4      | Found Adaam's Assorted Antiques.
  2720 | D:4      | Found Voff's Book Emporium.
  2741 | D:4      | Reached XP level 6. HP: 55/55 MP: 5/5
  2757 | D:4      | Reached *** piety under Trog
  2763 | D:4      | Reached skill level 5 in Fighting
  2789 | D:4      | Found a shimmering altar of Xom.
  2869 | D:4      | Reached skill level 5 in Armour
  2876 | D:4      | Found a glowing drain.
  2880 | Sewer    | Entered a sewer
  2963 | Sewer    | Reached skill level 6 in Axes
  2982 | Sewer    | Found a white marble altar of Elyvilon.
  3084 | D:4      | Found an iron altar of Okawaru.
  3084 | D:4      | Found a radiant altar of Vehumet.
  3085 | D:4      | Found a hide-covered altar of Uskayaw.
  3086 | D:4      | Found an ancient bone altar of Kikubaaqudgha.
  3087 | D:4      | Found a bloodstained altar of Trog.
  3494 | D:5      | Entered Level 5 of the Dungeon
  3512 | D:5      | Reached XP level 7. HP: 62/62 MP: 6/6
  3577 | D:5      | Reached skill level 7 in Axes
  3731 | D:4      | Bought a potion of heal wounds for 100 gold pieces
  3829 | D:5      | Found a runed translucent door.
  3847 | D:5      | Noticed IHitMyHead's ghost (novice MiFi)
  3927 | D:5      | Mangled by IHitMyHead's ghost

Illustrated notes

Levels and vault maps discovered:
D:1:      dpeg_arrival_simpleton_b, layout_basic
D:2:      layout_basic, basic_altar
D:3:      layout_basic, nicolae_hepliaklqana_hazy_memory, serial_shops,
          shop_fountains, chequers_arboretum
D:4:      layout_basic, minitemple, mainiacjoe_overflow_six_doors_small,
          serial_shops, nicolae_book_shop_shelving, gup_sewer_entry_spiral,
          serial_rivers, chequers_serial_rivers_micro_e,
          chequers_serial_rivers_room_a, chequers_serial_rivers_micro_a,
          chequers_serial_rivers_micro_d, chequers_serial_rivers_small_3,
          chequers_serial_rivers_micro_c, nicolae_take_the_stairs,
          hangedman_feature_mirror, grunt_decor_cap
D:5:      layout_cave_pools, mainiacjoe_overflow_divided_tiny,
          gammafunk_ghost_grave, minmay_misc_feat_room, palyth_stone_intersect

Skill      XL: |  1  2  3  4  5  6  7 |
---------------+----------------------+-----
Fighting       | 4 5 6 |  6.0
Axes           | 4 5 6 7 |  7.5
Armour         | 3 4 5 6 |  6.0
Dodging        | 3 |  3.2
Stealth        | |  0.3

Action                     |  1- 3 |  4- 6 |  7- 9 || total
---------------------------+-------+-------+-------++-------
  Melee: Hand axe          |    74 |   149 |    77 ||   300
         Headbutt          |    11 |    15 |    15 ||    41
         Punch             |     1 |     1 |     1 ||     3
 Invoke: Berserk           |       |     2 |     2 ||     4
 Armour: Ring mail         |    39 |    25 |       ||    64
         Animal skin       |     2 |       |       ||     2
         Scale mail        |       |    13 |    10 ||    23
  Dodge: Dodged            |    45 |   117 |    42 ||   204
